 Dungeon Crawl Stone Soup version 0.19.4-9-g45fd643 (console) character file.

81 Grinner the Ruffian (level 4, 0/44 HPs)
             Began as a Troll Monk on Feb 20, 2017.
             Slain by a gnoll
             ... wielding a +0 halberd
              (13 damage)
             ... on level 2 of the Dungeon.
             The game lasted 00:01:55 (939 turns).

Grinner the Ruffian (Troll Monk)                     Turns: 939, Time: 00:01:57

Health: 0/44       AC:  5    Str: 20    XL:     4   Next: 19%
Magic:  3/3        EV: 10    Int:  6    God:
Gold:   53         SH:  0    Dex: 12    Spells: 0 memorised, 3 levels left

rFire  . . .     SeeInvis .       - Unarmed
rCold  . . .     Gourm    +     a - +0 robe
rNeg   . . .     Faith    .     (no shield)
rPois  .         Spirit   .     (helmet restricted)
rElec  .         Reflect  .     (no cloak)
rCorr  .         Harm     .     (gloves unavailable)
MR     .....                    (boots unavailable)
Stlth  ++........               (no amulet)
                                (no ring)
                                (no ring)

@: no status effects
A: unfitting armour, claws 3, fast metabolism 3, gourmand, regeneration 1,
shaggy fur 1, tough skin 2
a: no special abilities


You were on level 2 of the Dungeon.
You were full.

You visited 1 branch of the dungeon, and saw 2 of its levels.

You collected 53 gold pieces.

Inventory:

Armour
 a - a +0 robe (worn)
Wands
 k - a wand of random effects (23/48)
Scrolls
 c - 2 scrolls of amnesia {unknown}
 e - a scroll of teleportation {unknown}
 f - a scroll of random uselessness {unknown}
 g - a scroll of blinking {unknown}
 h - a scroll of remove curse {unknown}
 i - a scroll of immolation {unknown}
 j - a scroll of recharging {unknown}
 l - 2 scrolls of identify {unknown}
Potions
 d - a potion of cure mutation {unknown}
 m - a potion of flight {unknown}
 n - a potion of haste {unknown}
 o - a potion of degeneration {unknown}
Comestibles
 b - 3 bread rations


   Skills:
 - Level 2.4 Fighting
 - Level 2.4 Dodging
 - Level 1.0 Stealth
 + Level 5.1 Unarmed Combat


You had 3 spell levels left.
You didn't know any spells.

Dungeon Overview and Level Annotations

Branches:
Dungeon (2/15)

Altars:


Innate Abilities, Weirdness & Mutations

You are too large for most types of armour.
You have claws for hands.
Your metabolism is lightning-fast.
You like to eat raw meat.
Your natural rate of healing is unusually fast.
You are covered in fur. (AC +1)
You have very tough skin. (AC +2)


Message History

There isn't anything to butcher here.
l - a scroll labeled SENLUA PAGOSU
l - 2 scrolls labeled SENLUA PAGOSU (gained 1)
Found a dagger.
You see here a dagger.
m - a green potion
n - an amethyst potion
o - a fuming orange potion 2 gnolls come into view.
The gnoll shouts!
You hear a shout!
The gnoll shouts!
The gnoll moves out of view.
A gnoll comes into view. It is wielding a flail.
The gnoll hits you with a flail! The gnoll hits you with a halberd!
You claw the gnoll!
You kill the gnoll!
Your Unarmed Combat skill increases to level 5!
The gnoll hits you with a flail!
* * * LOW HITPOINT WARNING * * *
The gnoll hits you from afar with a halberd!
You die...

..#...# ..#.).##
.......# ...###..... ###
...# ....# ..# ...#
...... #.#
.#.....###.#####g#####
.#....# #.....)g....##
.#....##########@##....
.###..#.............#
......#.########.##.....
.####.#.# #.# ##.#
)####.#.# #.#
........###### #..
#####........# ##.
########.# .# ..


You could see 2 gnolls.

Vanquished Creatures
  Ijyb (D:2)
  A gnoll (D:2)
  An adder (D:2)
  2 dart slugs (D:1)
  A leopard gecko (D:1)
  3 giant cockroaches
  2 hobgoblins
  3 jackals (D:1)
  6 kobolds
  5 bats (D:1)
  3 frilled lizards
  2 goblins (D:1)
  4 rats
34 creatures vanquished.

Notes
Turn   | Place    | Note
-------+----------+-------------------------------------------
     0 | D:1      | Grinner the Troll Monk began the quest for the Orb.
     0 | D:1      | Reached XP level 1. HP: 22/22 MP: 0/0
   183 | D:1      | Reached XP level 2. HP: 29/29 MP: 1/1
   579 | D:1      | Reached skill level 4 in Unarmed Combat
   718 | D:1      | Reached XP level 3. HP: 35/36 MP: 2/2
   874 | D:2      | Noticed Ijyb
   893 | D:2      | Killed Ijyb
   893 | D:2      | Reached XP level 4. HP: 40/44 MP: 3/3
   939 | D:2      | Reached skill level 5 in Unarmed Combat
   939 | D:2      | Slain by a gnoll

Skill      XL: |  1  2  3  4 |
---------------+-------------+-----
Unarmed Combat | 4 5 |  5.1
Fighting       | |  2.4
Dodging        | |  2.4
Stealth        | |  1.0

Action                   |  1- 3 |  4- 6 || total
-------------------------+-------+-------++-------
Melee: Unarmed           |    90 |     1 ||    91
       Punch             |     3 |       ||     3
 Stab: Sleeping          |     4 |       ||     4
  Eat: Chunk             |    10 |       ||    10
Armor: Robe              |    43 |       ||    43
Dodge: Dodged            |    51 |       ||    51
